 Dungeon Crawl Stone Soup version 0.19.5 (console) character file.

172 Grinner the Slasher (level 5, -1/34 HPs)
             Began as a High Elf Gladiator on Mar 16, 2017.
             Killed from afar by an orc wizard (2 damage)
             ... with a magic dart
             ... on level 3 of the Dungeon.
             The game lasted 00:03:54 (1795 turns).

Grinner the Slasher (High Elf Gladiator)            Turns: 1795, Time: 00:03:54

Health: -1/34      AC:  7    Str: 14    XL:     5   Next: 27%
Magic:  6/6        EV: 22    Int: 11    God:
Gold:   95         SH:  0    Dex: 17    Spells: 0 memorised, 4 levels left

rFire  + + .     SeeInvis .     (weapon currently unavailable)
rCold  + + .     Gourm    .     (armour currently unavailable)
rNeg   + + +     Faith    .     (shield currently unavailable)
rPois  ∞         Spirit   .     (helmet currently unavailable)
rElec  +         Reflect  .     (cloak currently unavailable)
rCorr  +         Harm     .     (gloves currently unavailable)
MR     +....                    (boots currently unavailable)
Stlth  ++........               (amulet currently unavailable)
                                (ring currently unavailable)
                                (ring currently unavailable)

@: wisp-form (expiring), flying, quick
A: magic resistance 1, mutation resistance 1
a: no special abilities


You were on level 3 of the Dungeon.
You were hungry.
You were an insubstantial wisp.
You visited 1 branch of the dungeon, and saw 3 of its levels.

You collected 95 gold pieces.

Inventory:

Hand Weapons
 a - a +0 long sword (melded)
Missiles
 d - 3 throwing nets (quivered)
Armour
 b - a +0 leather armour (melded)
 c - a +0 helmet (melded)
Jewellery
 n - a ring of positive energy (melded)
 t - a ring of see invisible (melded)
Scrolls
 e - a scroll of magic mapping {unknown}
 g - 2 scrolls of recharging {unknown}
 h - a scroll of fear {unknown}
 k - 2 scrolls of fog {unknown}
 q - a scroll of enchant armour {unknown}
 s - a scroll of identify {unknown}
 u - a scroll of amnesia {unknown}
Potions
 i - 2 potions of mutation
 p - a potion of heal wounds {unknown}
 r - a potion of resistance {unknown}
Comestibles
 f - a bread ration
 l - a beef jerky
 m - 2 meat rations
 o - a slice of pizza


   Skills:
 - Level 2.0 Fighting
 * Level 6.4 Long Blades
 - Level 2.0 Throwing
 + Level 4.5 Dodging


You had 4 spell levels left.
You didn't know any spells.

Dungeon Overview and Level Annotations

Branches:
Dungeon (3/15)

Altars:
Qazlal
Sif Muna
Vehumet
Xom


Innate Abilities, Weirdness & Mutations

You are resistant to hostile enchantments. (MR+)
You are somewhat resistant to further mutation.


Message History

Your +0 leather armour melds into your body.
Your ring of positive energy melds into your body.
Your ring of see invisible melds into your body.
Something hits you but does no damage.
Deactivating autopickup; reactivate with Ctrl-A.
You touch the crimson imp.
The crimson imp is lightly wounded.
You hear some strange, mumbled words.
A puff of frost appears from out of thin air!
The puff of frost hits you! You resist.
* * * LOW HITPOINT WARNING * * *
The crimson imp closely misses you.
Really fly into a travel-excluded area?
Okay, then.
The crimson imp closely misses you.
You blink.
Your transformation is almost over.
A magic dart appears from out of thin air!
The magic dart hits you!
You die...

..#.......#....# #..#.#
..#.......#...####'####
. #.......#..)#.......#
##.......##+####._.###
##......####..#.......#
........# #...####'####
........# #.........#.#
........# #.........#.#
.)....### #.....v...#.#
......# #.........#.#
..#.#######.........#.#
..#.#...............#.#
..#.#...............#.#
..#.#.......###.....#.#
#.#.#.......# ##....#.#
#.#.#.......# #....#.#
..#.############....#.#
#


There were no monsters in sight!

Vanquished Creatures
  The ghost of lawman0 the Poker, an amateur HOWr (D:3)
  A crimson imp (D:3)
  2 adders
  An ooze (D:3)
  2 orcs (D:3)
  3 bats
  A goblin (D:1)
  6 hobgoblins
  7 kobolds
  A quokka (D:3)
  A ball python (D:2)
  2 frilled lizards
  4 rats
32 creatures vanquished.

Vanquished Creatures (others)
  An orc (D:3)
1 creature vanquished.

Grand Total: 33 creatures vanquished

Notes
Turn   | Place    | Note
-------+----------+-------------------------------------------
     0 | D:1      | Grinner the High Elf Gladiator began the quest for the Orb.
     0 | D:1      | Reached XP level 1. HP: 14/14 MP: 2/2
   520 | D:1      | Reached skill level 4 in Long Blades
   689 | D:1      | Reached XP level 2. HP: 15/19 MP: 3/3
   967 | D:2      | Noticed a fire elemental
   970 | D:2      | Found a stormy altar of Qazlal.
   971 | D:2      | Noticed a water elemental
   971 | D:2      | Noticed an air elemental
   971 | D:2      | Noticed an earth elemental
  1372 | D:2      | Reached XP level 3. HP: 17/24 MP: 4/4
  1497 | D:2      | Found a deep blue altar of Sif Muna.
  1568 | D:3      | Noticed lawman0's ghost (amateur HOWr)
  1570 | D:3      | Gained mutation: You are somewhat resistant to further mutation. [potion of mutation]
  1570 | D:3      | Gained mutation: You are resistant to hostile enchantments. (MR+) [potion of mutation]
  1598 | D:3      | Killed lawman0's ghost
  1598 | D:3      | Reached skill level 5 in Long Blades
  1598 | D:3      | Reached XP level 4. HP: 29/29 MP: 5/5
  1665 | D:3      | Reached skill level 6 in Long Blades
  1699 | D:3      | Found a shimmering altar of Xom.
  1722 | D:3      | Reached XP level 5. HP: 27/34 MP: 6/6
  1744 | D:3      | Found a radiant altar of Vehumet.
  1787 | D:3      | HP: 1/34 [something/puff of frost (2)]
  1795 | D:3      | Killed from afar by an orc wizard

Skill      XL: |  1  2  3  4 |
---------------+-------------+-----
Long Blades    | 4 5 6 |  6.4
Dodging        | 4 |  4.5
Fighting       | |  2.0
Throwing       | |  2.0

Action                   |  1- 3 |  4- 6 || total
-------------------------+-------+-------++-------
Melee: Long sword        |    65 |    55 ||   120
       Unarmed           |       |     1 ||     1
  Use: Potion            |     2 |     1 ||     3
 Stab: Distracted        |     1 |       ||     1
  Eat: Chunk             |     2 |       ||     2
Armor: Leather armour    |    15 |    17 ||    32
       Skin              |       |     1 ||     1
Dodge: Dodged            |    53 |    40 ||    93
       Rpst.: Long sword |    13 |    10 ||    23
